 Dungeon Crawl Stone Soup version 0.30.1-11-g7821555f0a (webtiles) character file.

Game seed: 4948977616005388097

1 comborobin the Sneak (level 1, -2/19 HPs)
             Began as a Hill Orc Delver on Dec 24, 2023.
             Slain by a wight
             ... wielding a +3 trident of freezing
              (4 damage)
             ... on level 4 of the Dungeon.
             The game lasted 00:00:37 (131 turns).

comborobin the Sneak (Hill Orc Delver)               Turns: 131, Time: 00:00:38

Health: -2/19      AC:  6    Str: 14    XL:     1   Next: 20%
Magic:  1/1        EV: 11    Int: 10    God:
Gold:   0          SH:  0    Dex: 12    Spells: 0/0 levels left

rFire   . . .        a - +0 hand axe
rCold   . . .        (no shield)
rNeg    . . .        b - +0 leather armour
rPois   .            (no helmet)
rElec   .            (no cloak)
rCorr   .            (no gloves)
SInv    .            i - +2 pair of boots
Will    .....        (no amulet)
Stlth   ++           (no ring)
HPRegen 0.23/turn    (no ring)
MPRegen 0.07/turn

%: no passive effects
@: no status effects
A: no striking features
a: no special abilities


You were on level 4 of the Dungeon.
You visited 1 branch of the dungeon, and saw 3 of its levels.

Inventory:

Hand Weapons
 a - a +0 hand axe (weapon)
Armour
 b - a +0 leather armour (worn)
 i - a +2 pair of boots (worn)
Wands
 g - a wand of digging (3)
Scrolls
 c - a scroll of fog
 e - a scroll of fear
 h - a scroll of silence {unknown}
Potions
 f - a potion of haste
 j - a potion of curing {unknown}


   Skills:
 - Level 3.6 Fighting
 + Level 2.9 Axes
 - Level 1.5 Dodging
 - Level 4.1 Stealth


You couldn't memorise any spells.
You didn't know any spells.
Your spell library was empty.

Dungeon Overview and Level Annotations

Branches:
Dungeon (6/15)
 Temple: D:4-7

Altars:


Message History

A jackal comes into view.
Found a stone staircase leading down.
You see here 11 gold pieces.
A jackal comes into view.
The jackal barks!
The jackal barks!
You hear a bark!
A jackal comes into view.
An orc and a phantom come into view.
A jackal comes into view.
A goblin comes into view. It is wielding a +0 club.
The jackal moves out of view.
The orc moves out of view.
The jackal moves out of view.
There is a stone staircase leading down here.
Found 6 gold pieces.
The jackal bites you but does no damage.
You closely miss the jackal. The jackal barely misses you.
The jackal closely misses you.
You slash the jackal!
You kill the jackal!
A wight comes into view.
It is wielding a +3 trident of freezing.
The goblin shouts!
You hit the jackal.
The jackal is almost dead.
The jackal closely misses you.
The jackal bites you but does no damage.
You closely miss the jackal.
The jackal is almost dead.
The jackal bites you but does no damage.
You closely miss the jackal.
The jackal is almost dead.
The orc shouts!
You hit the jackal. You closely miss the phantom.
The jackal bites you but does no damage.
The jackal barely misses you. The phantom hits you.
The phantom blinks!
You blink.
Found a stone staircase leading up.
The phantom hits you.
The phantom blinks!
You blink.
Found a sling.
The wight hits you with a +3 trident of freezing!
Ouch! That really hurt!
* * * LOW HITPOINT WARNING * * *
The wight freezes you.
You die...

#.#,,..* #,*#.# #.####.#
#.*#.#
******#.##...#####.##.# ****
*,,,,*#.#*...#..$#....#
,,,***,,,,##§####.#.#.###.<#
,,,+,+,,,,+.§....h§.#.# #.##
,*,*,*,*,#.#.#.#.#h##.###.#
,,,,,,,,.....$.h...##.....#
,*,*,*,#.#.#.#.#@#.########
,,,,,,.........z.W.#
,*,*,#<#,#.#.#g#.#.#
,,,,...,,.....o....#
,*,*.#,*,#.#.#,#.#.#
,,,,,,,,,,)..,,....#
,*,*,*,*,#.#,*,#.#,*
,,,,,,,,,..,,,,...,*
**,*,*,*,*,*,*,*,*,*


You could see a phantom, a wight, an orc, 3 jackals and a goblin.

Vanquished Creatures
  A jackal (D:4)
1 creature vanquished.

Notes
Turn   | Place    | Note
-------+----------+-------------------------------------------
     0 | D:5      | comborobin the Hill Orc Delver began the quest for the Orb.
     0 | D:5      | Reached XP level 1. HP: 19/19 MP: 1/1
     2 | D:5      | Noticed an orc wizard
     3 | D:5      | Noticed an orc wizard
    72 | D:6      | Noticed a gnoll bouda
   101 | D:5      | Noticed an orc wizard
   124 | D:4      | Noticed a phantom
   127 | D:4      | Noticed a wight
   131 | D:4      | Slain by a wight

Illustrated notes

Levels and vault maps discovered:
D:4:      layout_basic, evilmike_ruin_ashenzari, gup_sewer_entry_pipe,
          serial_glass, glass_columns_c, glass_columns_b, st_stairs_11,
          nicolae_specific_store, chequers_decorated_corner, uniq_menkaure,
          uniq_eustachio
D:5:      layout_basic
D:6:      layout_rooms

Action                     || total
---------------------------++-------
  Melee: Hand axe          ||     5
    Use: Scroll            ||     2
 Armour: Leather armour    ||     4
  Dodge: Dodged            ||     4
